Map: Whitewater Line LE

Players

Kouyakuza

  • Race: Zerg Zerg
  • Spawn Location: 7:00

Seacrust

  • Race: Terran Terran
  • League: Silver
  • Spawn Location: 6:00

Ironmantis

  • Race: Protoss Protoss
  • Spawn Location: 7:00

PiPuxD - Winner!

  • Race: Terran Terran
  • League: Gold
  • Spawn Location: 1:00

MattBarry - Winner!

  • Race: Zerg Zerg
  • League: Gold
  • Spawn Location: 1:00

Alebay - Winner!

  • Race: Protoss Protoss
  • Spawn Location: 12:00

VOD

Have the link to the VOD?

Description

Time

  • Played on: Jan. 28, 2023, 4:17 a.m.
  • Length: 15:43
Show
View Real Time Build Order
Export as new Build Order

Kouyakuza Zerg 

Build Orders: Hatch First 

Get SALT Encoding   

  12  0:02  Drone  
  13  0:15  Drone  
  14  0:30  Overlord x2  
  14  0:41  Extractor  
  13  0:44  Extractor  
  13  0:46  Drone x2  
  14  0:59  Drone  
  15  1:10  Drone  
  16  1:22  Hatchery  
  15  1:28  Drone  
  16  1:38  Drone x2  
  18  1:58  Drone x2  
  20  2:28  Spawning Pool  
  19  2:46  Drone x3  
  19  2:50  Hatchery  
  21  3:00  Drone  
  21  3:04  Drone  
  23  3:18  Lair  
  23  3:57  Drone x2  
  23  3:58  Drone x4  
  29  4:06  Drone  
  30  4:22  Metabolic Boost  
  30  4:34  Hydralisk Den  
  29  4:42  Infestation Pit  
  28  4:46  Spire  
  27  4:53  Drone x5  
  27  4:54  Drone  
  33  5:00  Extractor  
  33  5:02  Extractor, Drone x3  
  34  5:24  Hydralisk x4  
  42  5:36  Overlord x2  
  42  5:53  Overlord  
  42  5:54  Overlord  
  42  5:59  Overseer x2  
  42  6:15  Hatchery  
  41  6:22  Hydralisk x3  
  47  6:28  Grooved Spines  
  47  6:33  Hive  
  47  6:36  Hydralisk x2  
  47  6:37  Hydralisk x4  
  59  6:50  Evolution Chamber  
  58  6:54  Evolution Chamber  
  57  7:07  Mutalisk  
  57  7:08  Mutalisk x3  
  65  7:31  Drone x4  
  69  7:38  Evolution Chamber  
  69  7:39  Muscular Augments  
  61  8:46  Spine Crawler  
  60  8:49  Spore Crawler  
  59  9:00  Drone x2  
  59  9:01  Drone x4  
  65  9:11  Drone x3  
  65  9:12  Drone x3  
  37  10:06  Hydralisk x2  
  37  10:07  Hydralisk x4  
  39  10:11  Hydralisk x6  
  61  10:37  Hatchery  
  61  10:39  Hatchery  
  61  10:40  Hatchery  
  58  10:43  Hatchery  
  58  10:48  Hydralisk  
  58  10:49  Hydralisk x2  
  63  11:13  Overlord x5  
  63  11:14  Overlord  
  63  11:17  Zerg Melee Weapons Level 1  
  63  11:18  Zerg Ground Armor Level 1, Zerg Missile Weapons Level 1  
  63  11:39  Ultralisk Cavern  
  42  11:41  Spore Crawler  
  42  11:46  Spore Crawler  
  36  11:55  Hydralisk  
  36  11:56  Hydralisk x5  
  48  12:11  Hydralisk  
  48  12:12  Hydralisk x2  
  54  12:35  Drone x3  
  54  12:36  Drone x3  
  60  13:16  Hatchery  
  60  13:17  Hatchery  
  60  13:19  Hatchery  
  53  13:23  Extractor x2  
  37  14:01  Hydralisk x2  
  37  14:02  Hydralisk x4  
  43  14:11  Hydralisk  
  43  14:12  Hydralisk x5  
Show
View Real Time Build Order
Export as new Build Order

Seacrust Terran 

Build Orders:  

Get SALT Encoding   

  12  0:01  SCV  
  13  0:13  SCV  
  14  0:24  Supply Depot  
  14  0:25  SCV  
  15  0:45  SCV  
  16  0:50  Barracks  
  16  0:58  SCV  
  16  1:00  Supply Depot  
  17  1:10  SCV  
  18  1:15  Refinery  
  18  1:18  Refinery  
  18  1:22  SCV  
  18  1:24  Barracks  
  19  1:34  SCV  
  20  1:46  SCV  
  21  1:49  Marine  
  22  1:58  SCV  
  22  2:00  Bunker  
  23  2:08  Marine  
  24  2:10  SCV  
  25  2:25  Orbital Command  
  25  2:38  Command Center  
  25  2:54  Marine x2  
  25  2:55  Factory  
  27  2:59  SCV  
  28  3:06  Engineering Bay  
  28  3:11  SCV  
  29  3:19  Marine  
  29  3:20  Marine  
  31  3:40  Engineering Bay  
  31  3:44  Supply Depot  
  31  3:49  Marine x2, SCV  
  34  3:55  Supply Depot  
  34  3:56  SCV  
  34  3:57  Factory Reactor  
  34  3:59  Factory Tech Lab  
  36  4:13  Barracks Reactor  
  36  4:15  Barracks Tech Lab  
  35  4:19  SCV  
  35  4:22  Orbital Command  
  36  4:27  Terran Infantry Armor Level 1, Terran Infantry Weapons Level 1  
  36  4:32  Armory, SCV  
  37  4:39  Barracks  
  37  4:42  Barracks  
  37  4:44  SCV  
  38  4:48  SCV  
  39  4:53  Marine x2  
  39  4:56  SCV  
  39  4:57  Combat Shield  
  42  5:00  SCV  
  41  5:12  Siege Tank  
  44  5:15  Marine x3  
  47  5:24  SCV x2  
  49  5:28  Barracks Reactor  
  49  5:33  Marine x3, Barracks Reactor  
  52  5:36  SCV x2  
  54  5:45  Siege Tank  
  54  5:48  SCV  
  54  5:49  SCV  
  59  5:59  Marine x3  
  62  6:07  SCV  
  62  6:10  Supply Depot  
  62  6:11  Supply Depot, Marine x2  
  63  6:12  Marine x2  
  63  6:15  Refinery  
  63  6:17  Siege Tank  
  63  6:18  Refinery  
  70  6:31  Marine x5  
  75  6:34  Supply Depot  
  75  6:36  Supply Depot  
  75  6:52  Marine x3  
  75  6:53  Marine x4  
  82  6:55  Terran Infantry Weapons Level 2  
  82  6:56  Terran Infantry Armor Level 2  
  82  7:10  Marine x4  
  82  7:11  Marine x3  
  89  7:16  SCV x2  
  91  7:28  Marine x2, SCV  
  94  7:31  Marine x5  
  99  7:42  Command Center  
  98  7:44  Command Center  
  97  8:14  Missile Turret x2  
  97  8:20  Missile Turret  
  97  8:32  Marine x4  
  97  8:33  Marine  
  102  8:37  Missile Turret x2  
  102  8:43  Missile Turret  
  102  8:53  Marine x7  
  109  9:00  Missile Turret  
  109  9:02  Missile Turret  
  109  9:03  Supply Depot x2  
  109  9:04  Missile Turret  
  109  9:05  Supply Depot  
  102  9:11  Marine x2  
  102  9:14  SCV  
  102  9:15  SCV  
  98  9:27  SCV  
  92  9:39  Marine x4  
  92  9:40  Marine x3  
  94  9:57  Marine x5  
  94  9:58  Marine x2  
  82  10:14  Command Center  
  82  10:15  Marine x6  
  82  10:16  Marine  
  82  10:17  SCV x2  
  91  10:29  SCV x2  
  91  10:32  Marine  
  91  10:33  Marine x4  
  100  10:41  SCV x2  
  100  10:42  Starport, Refinery  
  102  10:43  Refinery  
  100  10:50  Marine x2  
  100  10:51  Marine x3  
  100  10:53  SCV x2  
  100  10:54  Barracks Reactor  
  107  11:08  Marine x2  
  107  11:09  Marine x3  
  112  11:21  Missile Turret  
  112  11:26  Marine x4  
  112  11:27  Marine  
  112  11:32  Missile Turret  
  117  11:41  Missile Turret  
  117  11:42  Hi-Sec Auto Tracking  
  117  11:47  Terran Infantry Weapons Level 3  
  117  11:55  Missile Turret  
  117  11:59  Planetary Fortress  
  117  12:02  Missile Turret  
  117  12:09  Marine x6  
  117  12:10  Marine  
  124  12:16  Missile Turret  
  124  12:23  Medivac x2  
  124  12:25  Missile Turret  
  124  12:27  Marine x7  
  124  12:28  Missile Turret  
  135  12:35  Missile Turret  
  135  12:44  Marine  
  135  12:45  Marine x5  
  135  12:48  Missile Turret  
  135  12:49  Missile Turret  
  141  12:56  Missile Turret  
  141  13:07  Missile Turret  
  141  13:08  Terran Vehicle Weapons Level 1  
  141  13:09  Marine x2  
  141  13:10  Missile Turret, Marine x2  
  141  13:12  Missile Turret  
  141  13:21  Missile Turret  
  141  13:32  Missile Turret  
  141  13:42  Missile Turret  
  141  13:50  Marine x3  
  141  14:08  Marine  
  141  14:09  Marine  
  141  14:10  Marine  
  141  14:12  Marine  
  141  14:29  Marine  
  141  14:45  Marine  
  133  14:49  Marine  
Show
View Real Time Build Order
Export as new Build Order

Ironmantis Protoss 

Build Orders:  

Get SALT Encoding   

  12  0:02  Probe  
  13  0:18  Pylon  
  13  0:20  Probe (Chrono Boost)  
  14  0:31  Probe (Chrono Boost)  
  15  0:36  Probe (Chrono Boost)  
  16  0:44  Forge  
  16  0:47  Probe  
  17  1:00  Pylon  
  17  1:22  Photon Cannon  
  17  1:23  Photon Cannon  
  17  1:46  Pylon  
  16  2:17  Gateway  
  16  2:23  Assimilator  
  16  2:28  Assimilator  
  16  2:36  Probe (Chrono Boost)  
  17  2:47  Probe (Chrono Boost)  
  18  2:51  Probe (Chrono Boost)  
  18  2:54  Pylon  
  19  3:02  Probe  
  20  3:20  Photon Cannon  
  20  3:22  Nexus  
  20  3:24  Photon Cannon  
  20  3:29  Photon Cannon  
  20  3:37  Probe (Chrono Boost)  
  21  3:47  Cybernetics Core  
  21  3:48  Probe (Chrono Boost)  
  22  3:52  Probe (Chrono Boost)  
  22  3:55  Pylon  
  23  4:03  Probe  
  24  4:11  Pylon  
  24  4:14  Pylon  
  24  4:18  Assimilator  
  24  4:31  Assimilator  
  24  4:36  Probe  
  25  4:44  Photon Cannon  
  25  4:47  Photon Cannon  
  25  4:50  Probe (Chrono Boost)  
  26  4:54  Probe (Chrono Boost)  
  27  5:05  Probe (Chrono Boost)  
  27  5:06  Probe (Chrono Boost)  
  29  5:07  Stargate  
  29  5:10  Probe (Chrono Boost)  
  29  5:13  Probe  
  31  5:20  Probe  
  32  5:25  Probe  
  33  5:31  Cybernetics Core  
  33  5:32  Probe  
  34  5:37  Probe  
  34  5:39  Pylon  
  35  5:49  Probe (Chrono Boost)  
  36  5:55  Photon Cannon  
  36  6:00  Photon Cannon  
  36  6:01  Probe (Chrono Boost)  
  37  6:08  Probe (Chrono Boost)  
  38  6:15  Probe  
  43  6:18  Void Ray  
  43  6:22  Stargate  
  43  6:27  Probe  
  43  6:32  Fleet Beacon  
  44  6:37  Pylon  
  44  6:39  Probe  
  45  6:45  Pylon  
  45  6:53  Protoss Shields Level 1  
  45  7:04  Protoss Air Weapons Level 1, Protoss Air Armor Level 1  
  45  7:08  Void Ray  
  53  7:12  Void Ray  
  53  7:16  Flux Vanes  
  53  7:26  Probe  
  54  7:38  Probe  
  55  7:51  Probe  
  56  7:56  Nexus  
  56  7:59  Pylon  
  56  8:03  Pylon, Probe  
  65  8:11  Void Ray x2  
  65  8:15  Stargate  
  64  9:46  Tempest x3  
  79  10:11  Protoss Air Weapons Level 2, Protoss Air Armor Level 2  
  79  10:26  Nexus  
  79  10:30  Assimilator  
  79  10:35  Assimilator  
  79  10:38  Pylon  
  79  10:39  Pylon  
  79  10:40  Pylon  
  79  10:44  Pylon  
  79  10:45  Pylon, Tempest  
  79  10:46  Tempest x2  
  79  10:49  Pylon  
  94  11:03  Photon Cannon x2  
  92  11:05  Photon Cannon  
  92  11:07  Photon Cannon  
  92  11:08  Photon Cannon  
  92  11:10  Photon Cannon  
  85  11:14  Photon Cannon  
  85  11:16  Photon Cannon x2  
  96  11:34  Void Ray  
  96  11:35  Void Ray x2  
  96  11:53  Probe  
  97  11:57  Unknown  
  97  12:06  Probe (Chrono Boost)  
  98  12:11  Tempest  
  98  12:12  Probe (Chrono Boost)  
  106  12:23  Probe x2 (Chrono Boost)  
  106  12:26  Shield Battery  
  106  12:27  Shield Battery, Probe (Chrono Boost)  
  106  12:29  Probe  
  108  12:30  Shield Battery  
  108  12:38  Probe  
  108  12:41  Probe  
  110  12:50  Probe  
  111  13:15  Pylon  
  111  13:16  Pylon  
  111  13:19  Tempest x2  
  121  13:29  Pylon, Tempest  
  121  13:30  Pylon  
  121  13:33  Pylon  
Show
View Real Time Build Order
Export as new Build Order

PiPuxD Terran - Winner!

Build Orders: 2 Factory, Reaper Expand, Mech 

Get SALT Encoding   

  12  0:00  SCV  
  13  0:12  SCV  
  14  0:18  Supply Depot  
  14  0:24  SCV  
  15  0:39  SCV  
  15  0:40  Barracks  
  16  0:46  Refinery  
  16  0:51  SCV  
  17  1:03  SCV  
  18  1:15  SCV  
  19  1:28  Orbital Command  
  19  1:29  Reaper  
  20  1:42  Command Center  
  20  1:55  SCV  
  20  1:59  Barracks  
  21  2:01  Marine  
  22  2:19  Marine  
  23  2:34  Supply Depot  
  23  2:38  Barracks Reactor  
  23  2:42  Factory  
  23  2:44  Refinery  
  23  2:53  SCV  
  24  3:04  Barracks Tech Lab  
  24  3:05  SCV  
  24  3:07  Orbital Command  
  25  3:22  Factory  
  25  3:39  Barracks Reactor  
  25  3:40  SCV x2  
  27  3:46  Hellion x2  
  31  3:51  Supply Depot  
  31  3:52  SCV x2  
  33  3:59  Starport  
  33  4:04  SCV x2  
  33  4:08  Hellion x2  
  39  4:16  SCV x2  
  41  4:18  Siege Tank  
  44  4:28  SCV  
  44  4:29  SCV  
  44  4:31  Hellion x2  
  50  4:37  Refinery  
  50  4:45  Infernal Pre-Igniter  
  50  4:47  SCV x2  
  52  4:59  Hellion  
  54  5:09  SCV x2  
  54  5:10  Hellion  
  54  5:19  Armory  
  54  5:21  Engineering Bay  
  54  5:28  Supply Depot  
  54  5:29  Supply Depot, Refinery  
  54  5:31  Supply Depot  
  54  5:43  Armory  
  54  5:49  Medivac  
  58  5:50  SCV x2, Siege Tank  
  61  6:01  Widow Mine x2  
  61  6:02  SCV x2  
  67  6:08  Supply Depot  
  67  6:09  Supply Depot  
  67  6:11  Supply Depot  
  67  6:14  SCV x2  
  69  6:26  SCV  
  69  6:28  Widow Mine x2  
  74  6:45  Liberator x2  
  80  6:47  Terran Vehicle Weapons Level 1  
  80  6:48  Terran Vehicle And Ship Armor Level 1  
  80  6:54  SCV x2  
  74  7:04  Command Center  
  74  7:06  SCV x2  
  74  7:07  Siege Tank, Hellion x2  
  83  7:12  Factory  
  79  8:00  Siege Tank, Hellion x2  
  79  8:01  Liberator x2  
  90  8:14  Factory Tech Lab  
  90  8:28  SCV x2  
  92  8:35  Siege Tank, Hellion x2  
  92  8:40  SCV x2  
  101  8:41  Orbital Command  
  97  9:13  Siege Tank x2, Hellion x2  
  97  9:15  Liberator x2  
  90  9:47  Thor x2, Hellion x2  
  85  10:13  Refinery x2  
  85  10:16  SCV x3  
  85  10:18  Command Center  
  88  10:26  Terran Vehicle Weapons Level 2, Factory, Terran Vehicle And Ship Armor Level 2  
  88  10:28  Factory, SCV x3  
  90  10:29  Hellion x2  
  90  10:30  Siege Tank x2  
  101  10:40  SCV x3  
  104  10:43  Thor  
  104  10:52  SCV x3  
  107  11:13  Liberator x2, Siege Tank x2, Hellion x2  
  118  11:37  Factory Tech Lab x2  
  93  11:54  Planetary Fortress  
  93  11:55  Missile Turret  
  93  12:12  Refinery x2  
  93  12:13  Thor x2  
  93  12:14  Thor x2  
  121  12:15  Hellion x2  
  121  12:36  SCV  
  121  12:37  SCV x3  
  125  12:56  Thor x3, Hellion x2  
  125  12:57  Thor  
  153  13:06  Terran Vehicle Weapons Level 3  
  153  13:36  Hellion  
  155  13:42  Hellion  
  155  13:44  Supply Depot x2  
  157  14:07  Thor x4  
  181  14:36  Hellion x2  
  181  14:37  Liberator  
  181  14:38  Liberator  
  182  15:02  Hellion x5  
  182  15:03  Hellion  
  188  15:32  Command Center  
Show
View Real Time Build Order
Export as new Build Order

MattBarry Zerg - Winner!

Build Orders: Pool First 

Get SALT Encoding   

  12  0:00  Drone  
  13  0:12  Overlord  
  13  0:18  Drone  
  14  0:30  Drone x2  
  16  0:45  Drone  
  16  0:46  Drone  
  18  0:50  Extractor  
  18  0:55  Spawning Pool  
  16  1:02  Drone  
  17  1:15  Drone  
  18  1:24  Drone  
  19  1:42  Queen  
  19  1:44  Zergling x2  
  19  1:45  Hatchery  
  21  2:13  Drone  
  22  2:16  Overlord  
  22  2:35  Hatchery  
  21  2:37  Drone x2  
  21  2:38  Zergling x2  
  24  2:57  Metabolic Boost  
  24  3:18  Lair  
  24  3:19  Hatchery  
  23  3:22  Extractor  
  23  3:23  Overlord x2  
  22  3:47  Drone x2  
  24  3:55  Roach Warren  
  23  3:56  Baneling Nest  
  23  3:58  Drone x4  
  23  3:59  Evolution Chamber  
  23  4:00  Evolution Chamber  
  24  4:12  Queen  
  26  4:20  Drone  
  27  4:34  Drone x3  
  30  4:51  Queen  
  32  4:54  Drone  
  32  4:55  Drone x3  
  32  4:58  Drone  
  37  5:17  Drone  
  37  5:18  Drone x8  
  46  5:22  Extractor  
  46  5:23  Extractor  
  44  5:28  Zerg Melee Weapons Level 1  
  44  5:41  Centrifugal Hooks  
  44  5:44  Nydus Network  
  44  5:48  Pneumatized Carapace  
  43  5:58  Drone x2, Overlord x2  
  43  5:59  Drone x3  
  48  6:08  Queen  
  50  6:16  Zergling x8  
  54  6:30  Queen  
  56  6:34  Spore Crawler  
  56  6:36  Spore Crawler  
  54  6:47  Zergling x2  
  54  6:48  Zergling x6, Drone x2  
  54  6:49  Drone x4  
  54  6:51  Zerg Ground Armor Level 1  
  64  6:58  Infestation Pit  
  63  7:06  Baneling x7  
  63  7:07  Baneling  
  63  7:10  Baneling x8  
  63  7:11  Baneling x4  
  63  7:21  Zergling x4  
  63  7:22  Zergling x2  
  66  7:23  Overlord x3  
  66  7:24  Overlord  
  66  7:40  Overlord x2  
  66  7:45  Baneling x4  
  66  7:46  Baneling x2  
  66  8:15  Nydus Canal  
  66  8:50  Nydus Canal  
  54  9:28  Zerg Ground Armor Level 2  
  54  9:29  Zerg Melee Weapons Level 2  
  54  9:33  Zergling x2  
  54  9:34  Zergling x16  
  63  9:40  Extractor  
  63  9:41  Extractor  
  63  9:42  Hatchery  
  59  10:08  Pathogen Glands  
  59  10:17  Spire  
  59  10:20  Spire  
  57  10:44  Hive  
  55  10:51  Hatchery  
  47  11:22  Zergling x2  
  47  11:23  Zergling x44  
  47  11:24  Zergling x24  
  82  11:42  Corruptor  
  82  11:43  Corruptor x6  
  96  11:53  Zerg Flyer Weapons Level 1  
  96  12:21  Drone x2  
  96  12:22  Corruptor x10, Drone x3  
  103  12:23  Corruptor x2  
  125  12:31  Greater Spire  
  90  13:09  Corruptor x5  
  90  13:11  Zergling x24  
  89  13:53  Corruptor  
  83  14:09  Brood Lord x4  
  83  14:15  Zergling x2  
  83  14:16  Zergling x8  
  78  14:19  Baneling  
  78  14:20  Baneling  
  78  14:21  Baneling  
  78  14:30  Drone x3  
  78  14:31  Drone x2  
  83  14:39  Brood Lord  
  79  14:47  Baneling x2  
  79  14:48  Baneling  
Show
View Real Time Build Order
Export as new Build Order

Alebay Protoss - Winner!

Build Orders: 1 Gate Expand 

Get SALT Encoding   

  12  0:00  Probe  
  13  0:12  Probe  
  14  0:21  Pylon  
  14  0:24  Probe  
  15  0:39  Probe  
  15  0:41  Gateway  
  16  0:46  Assimilator  
  16  0:51  Probe  
  17  1:03  Probe  
  18  1:16  Probe  
  19  1:28  Cybernetics Core, Probe  
  20  1:39  Nexus  
  20  1:42  Probe  
  21  1:50  Assimilator  
  21  1:53  Zealot (Chrono Boost)  
  21  1:57  Warp Gate (Chrono Boost)  
  23  2:05  Pylon  
  23  2:23  Probe  
  23  2:25  Adept  
  26  2:35  Probe  
  27  2:47  Probe  
  28  2:53  Probe  
  29  2:59  Stalker, Probe  
  32  3:06  Probe  
  32  3:10  Forge  
  32  3:11  Probe  
  34  3:18  Probe  
  35  3:21  Gateway  
  35  3:23  Probe  
  36  3:30  Probe  
  37  3:35  Probe  
  37  3:38  Pylon  
  38  3:42  Pylon, Probe  
  38  3:44  Protoss Ground Weapons Level 1 (Chrono Boost)  
  38  3:45  Stalker  
  38  3:47  Probe  
  42  3:54  Probe  
  43  4:00  Assimilator, Probe  
  44  4:06  Probe  
  44  4:08  Gateway  
  45  4:10  Stalker  
  47  4:21  Twilight Council  
  47  4:22  Gateway  
  47  4:24  Gateway  
  47  4:28  Stalker  
  49  4:33  Probe x2  
  51  4:42  Pylon  
  51  4:45  Probe x2  
  53  4:56  Blink (Chrono Boost)  
  53  4:57  Probe x2  
  53  4:59  Stalker x2, Assimilator  
  59  5:08  Stalker  
  59  5:13  Photon Cannon  
  61  5:16  Photon Cannon, Probe x2  
  63  5:22  Stalker  
  65  5:28  Pylon  
  65  5:29  Stalker  
  65  5:34  Stalker  
  69  5:44  Pylon  
  69  5:46  Protoss Ground Armor Level 1 (Chrono Boost)  
  69  5:47  Forge  
  69  5:51  Photon Cannon  
  69  6:00  Stalker x2  
  69  6:03  Stalker  
  75  6:09  Stalker  
  77  6:21  Stalker  
  77  6:23  Stalker x2  
  83  6:30  Pylon  
  83  6:32  Pylon, Stalker  
  85  6:38  Photon Cannon  
  85  6:46  Pylon  
  85  6:49  Protoss Ground Weapons Level 2 (Chrono Boost)  
  85  6:52  Stalker  
  85  6:53  Stalker  
  89  6:56  Stalker  
  91  7:10  Pylon  
  91  7:11  Pylon  
  91  7:13  Pylon, Stalker x2  
  95  7:52  Nexus  
  95  7:54  Pylon  
  95  7:56  Pylon  
  95  7:58  Pylon  
  95  8:04  Protoss Ground Armor Level 2 (Chrono Boost)  
  95  8:05  Stalker x4  
  103  8:30  Probe x2  
  105  8:42  Probe x2  
  105  8:44  Stalker x2  
  105  8:45  Stalker x3  
  117  8:55  Protoss Ground Weapons Level 3 (Chrono Boost)  
  113  9:29  Stalker x2  
  113  9:30  Stalker x3  
  123  9:33  Probe x3  
  123  9:34  Assimilator  
  123  9:37  Assimilator  
  126  9:40  Photon Cannon  
  126  9:42  Photon Cannon  
  126  9:45  Photon Cannon, Probe  
  127  9:47  Photon Cannon  
  121  10:10  Stalker x4  
  121  10:11  Stalker  
  131  10:21  Gateway x2  
  131  10:24  Protoss Ground Armor Level 3 (Chrono Boost)  
  131  10:25  Gateway  
  131  10:37  Nexus  
  131  10:40  Pylon  
  131  10:43  Pylon  
  131  10:47  Stalker x5  
  141  10:53  Charge  
  141  11:01  Probe x3  
  144  11:13  Probe x3  
  144  11:17  Stalker x6  
  153  11:59  Stalker x2  
  153  12:00  Stalker x6  
  169  12:08  Probe x4  
  173  12:20  Probe x4  
  177  12:23  Stargate  
  177  12:25  Stargate  
  177  12:27  Stargate x2  
  177  12:42  Zealot x2  
  177  12:43  Zealot x6  
  193  13:01  Pylon  
  193  13:03  Pylon  
  193  13:05  Pylon  
  189  13:45  Zealot x6  
  169  14:07  Zealot x5  
  169  14:08  Zealot x2  
  165  14:41  Zealot  
  165  14:42  Zealot x7  
  149  15:10  Zealot  
  149  15:11  Zealot x7  
  143  15:31  Zealot x2  
  143  15:32  Zealot x6  
Tags
 
Add a new tag
Caveats
  • Supply blocks, unpowered buildings, or Contaminate may cause inaccurate times.
  • Supply counts are checked every 10 seconds.